 Seeded DCSS version 0.30.1-9-gdf580d7c3d (webtiles) character file.

Game seed: 15734390716694237801 (custom seed)

4 Psyclone the Stinger (level 1, 10/10 HPs)
             Began as a Deep Elf Venom Mage on Sept 29, 2023.
             Quit the game on level 2 of the Dungeon.
             The game lasted 00:00:40 (88 turns).

Psyclone the Stinger (Deep Elf Venom Mage)            Turns: 88, Time: 00:00:40

Health: 10/10      AC:  2    Str:  5    XL:     1   Next: 50%
Magic:  4/6        EV: 12    Int: 19    God:
Gold:   2          SH:  0    Dex: 15    Spells: 5/6 levels left

rFire   . . .        (no weapon)
rCold   . . .        (no shield)
rNeg    . . .        a - +0 robe
rPois   .            (no helmet)
rElec   .            (no cloak)
rCorr   .            (no gloves)
SInv    .            (no boots)
Will    .....        (no amulet)
Stlth   ++           (no ring)
HPRegen 0.21/turn    (no ring)
MPRegen 0.10/turn

%: no passive effects
@: no status effects
A: no striking features
a: no special abilities


You were on level 2 of the Dungeon.
You visited 1 branch of the dungeon, and saw 2 of its levels.

You collected 2 gold pieces.

Inventory:

Armour
 a - a +0 robe (worn)
Scrolls
 c - a scroll of poison {unknown}
 g - a scroll of acquirement
Potions
 b - a potion of magic
 d - a potion of berserk rage {unknown}
 e - 2 potions of curing {unknown}
 f - a potion of lignification {unknown}


   Skills:
 - Level 2.4 Dodging
 - Level 2.4 Stealth
 - Level 3.0 Spellcasting
 - Level 1.1 Transmutations
 + Level 3.6 Poison Magic


You had 5 spell levels left.
You knew the following spells:

 Your Spells              Type           Power      Damage    Failure   Level
a - Sting                 Tmut/Pois      44%        1d5       6%          1

Your spell library contained the following spells:

 Spells                   Type           Power      Damage    Failure   Level
 Poisonous Vapours        Pois/Air       18%        N/A       11%         2
 Mephitic Cloud           Conj/Pois/Air  7%         N/A       28%         3
 Olgreb's Toxic Radiance  Pois           16%        N/A       34%         4


Dungeon Overview and Level Annotations

Branches:
Dungeon (2/15) Zot: 11912

Altars:


Message History

The sting hits the rat.
The rat is poisoned.
You kill the rat!
You now have 4/6 mp.
e - 2 pink potions (gained 1)
Your magical contamination has completely faded away.
There is a stone staircase leading down here.
You climb downwards.
Found three items.
Found an escape hatch in the ceiling.
There is a stone staircase leading up here.
Casting: Sting (safe; 6% risk of failure)
Confirm with . or Enter, or press ? or * to list all spells.
You can't see any susceptible monsters within range! (Use Z to cast anyway.) Unknown command.
Casting: Sting (safe; 6% risk of failure)
Confirm with . or Enter, or press ? or * to list all spells.
Aiming: Sting (safe; 6% risk of failure)
Press: ? - help, Shift-Dir - straight line, f - quokka
Aim: a quokka (asleep, 100% to hit)
You miscast Sting.
You are very lightly contaminated with residual magic.
Nothing appears to happen.
You now have 4/6 mp.
Casting: Sting (safe; 6% risk of failure)
Confirm with . or Enter, or press ? or * to list all spells.
Aiming: Sting (safe; 6% risk of failure)
Press: ? - help, Shift-Dir - straight line, f/p - quokka
Aim: a quokka (asleep, 100% to hit)
The sting hits the quokka.
The quokka is poisoned.
You kill the quokka!
You now have 3/6 mp.
Casting: Sting (safe; 6% risk of failure)
Confirm with . or Enter, or press ? or * to list all spells.
You can't see any susceptible monsters within range! (Use Z to cast anyway.) Unknown command.
f - a bubbling coppery potion Your magical contamination has completely faded away.
g - a scroll labelled VUPNATAATE You now have 2 gold pieces.
This is a scroll of acquirement!
Are you sure you want to abandon this character and quit the game? (Confirm with "yes".)

##########
#........#
#.......<#
...###........#
.......<.....@#
..####........#
#........#
#........#
#......†.#
######+###


There were no monsters in sight!

Vanquished Creatures
  A bat (D:1)
  A quokka (D:2)
  A frilled lizard (D:1)
  A rat (D:1)
4 creatures vanquished.

Notes
Turn   | Place    | Note
-------+----------+-------------------------------------------
     0 | D:1      | Psyclone the Deep Elf Venom Mage began the quest for the
                  | Orb.
     0 | D:1      | Reached XP level 1. HP: 10/10 MP: 6/6
     1 | D:1      | Noticed an electric eel
    88 | D:2      | Identified a scroll of acquirement
    88 | D:2      | Quit the game

Illustrated notes

Levels and vault maps discovered:
D:1:      arrival_aquarium_a, layout_basic, serial_shops, shop,
          shapermc_ecumenical_altar_mp_highgroup
D:2:      layout_basic, kennysheep_decorative_pillar, due_unseen_surprise

Action                     || total
---------------------------++-------
  Melee: Unarmed           ||     1
   Cast: Sting             ||     4
  Dodge: Dodged            ||     2
